 Dungeon Crawl Stone Soup version 0.29-a0-919-gd064cfad1c (webtiles) character file.

Game seed: 8193480215244020853

5608 concernfroge the Spear-Bearer (level 10, -6/85 HPs)
             Began as a Mummy Monk on July 26, 2022.
             Was an Initiate of Gozag.
             Mangled by a death yak (22 damage)
             ... on level 9 of the Dungeon.
             The game lasted 00:33:29 (12354 turns).

concernfroge the Spear-Bearer (Mummy Monk)         Turns: 12354, Time: 00:33:29

Health: -6/85      AC: 13    Str: 19    XL:     10   Next: 45%
Magic:  10/10      EV:  1    Int: 10    God:    Gozag
Gold:   648        SH: 11    Dex: 14    Spells: 9/9 levels left

rFire   + + .      SeeInvis .   g - +1 demon trident (elec)
rCold   + + .      Faith    .   l - +1 tower shield
rNeg    + + +      Spirit   .   a - +2 plate armour {rF+}
rPois   ∞          Reflect  .   (no helmet)
rElec   +          Harm     .   (no cloak)
rCorr   +          Rampage  .   f - +0 pair of gloves
Will    +....                   (no boots)
Stlth   ..........              (no amulet)
HPRegen 0.24/turn               e - ring of flight
MPRegen 0.12/turn               o - ring of protection from fire

@: mighty, resistant, gold aura, flying
A: cold resistance 1, negative energy resistance 3, torment resistance 2, heat
vulnerability 1, in touch with death 1, no potions
a: Renounce Religion, Potion Petition, Call Merchant, Bribe Branch


You were on level 9 of the Dungeon.
You worshipped Gozag.
Gozag was pleased with you.
You visited 2 branches of the dungeon, and saw 10 of its levels.

You collected 1412 gold pieces.
You spent 400 gold pieces at shops.
You paid 364 gold pieces to Gozag.

Inventory:

Hand Weapons
 g - a +1 demon trident of electrocution (weapon)
Missiles
 j - 10 boomerangs
 q - 8 silver boomerangs
Armour
 a - a +2 plate armour of fire resistance (worn)
 f - a +0 pair of gloves (worn)
 l - a +1 tower shield (worn)
Jewellery
 e - a ring of flight (left hand)
 o - a ring of protection from fire (right hand)
 p - a +6 ring of strength
Wands
 h - a wand of mindburst (2) (quivered)
 m - a wand of flame (13)
 n - a wand of charming (16)
Scrolls
 b - a scroll of butterflies
 c - a scroll of noise
 d - a scroll of fear
 i - 4 scrolls of identify
 k - a scroll of immolation
 r - 3 scrolls of teleportation


   Skills:
 - Level 10.0 Fighting
 + Level 10.9 Polearms
 - Level 2.4 Dodging
 - Level 1.5 Stealth


You had 9 spell levels left.
You didn't know any spells.
Your spell library contained the following spells:

 Spells                   Type           Power      Damage    Failure   Level
 Sandblast                Erth           0%         2d4       100%        1
 Ensorcelled Hibernation  Hex/Ice        0%         N/A       100%        2
 Passwall                 Tmut/Erth      0%         N/A       100%        2
 Gell's Gravitas          Tloc           0%         N/A       100%        3
 Lesser Beckoning         Tloc           0%         N/A       100%        3
 Stone Arrow              Conj/Erth      0%         3d7       100%        3
 Swiftness                Air            0%         N/A       100%        3
 Teleport Other           Tloc           0%         N/A       100%        3
 Irradiate                Conj/Tmut      0%         3d11      100%        5
 Dispersal                Tloc           0%         N/A       100%        6
 Blade Hands              Tmut           Unusable   N/A       N/A         5
 Dragon Form              Tmut           Unusable   N/A       N/A         7

Dungeon Overview and Level Annotations

Branches:
Dungeon (9/15)             Temple (1/1) D:7            Lair (0/5) D:9
    Orc: D:9-12

Altars:
Ashenzari
Cheibriados
Dithmenos
Fedhas
Gozag
Hepliaklqana
Kikubaaqudgha
Makhleb
Nemelex Xobeh
Okawaru
Qazlal
Ru
Sif Muna
Trog
Uskayaw
Vehumet
Wu Jian
Xom
Yredelemnul

Shops:
D:6 ![(   D:7 [


Innate Abilities, Weirdness & Mutations

You are immune to poison.
Your flesh is cold resistant. (rC+)
You are immune to negative energy. (rN+++)
You are immune to unholy pain and torment.
You are vulnerable to heat. (rF-)
You are in touch with the powers of death.
You do not drink.


Message History

The death yak gores you but does no damage.
You hit the death yak.
The death yak is heavily wounded.
The death yak gores you but does no damage.
You hit the death yak.
Lightning courses through the death yak!
The death yak is severely wounded.
You block the death yak's attack. The death yak gores you!!
The kobold brigand hits you but does no damage.
You puncture the death yak!
The death yak is severely wounded.
The death yak gores you!
The kobold brigand hits you with a +0 short sword.
You puncture the kobold brigand!
The kobold brigand is severely wounded.
The death yak gores you!
The kobold brigand hits you with a +0 short sword.
You puncture the kobold brigand!
Lightning courses through the kobold brigand!
You kill the kobold brigand!
The death yak gores you!
You puncture the death yak!
Lightning courses through the death yak!
The death yak is almost dead.
The death yak gores you but does no damage.
You hit the death yak but do no damage.
The death yak is almost dead.
You block the death yak's attack. The death yak gores you!
* * * LOW HITPOINT WARNING * * *
Okay, then.
Okay, then. [a] - 297 gold - curing and magic [b] - 297 gold - curing and magic [c] - 364 gold - resistance and might Purchase which effect?
You no longer have enough gold to fund merchants seeking to open stores in the dungeon.
You feel protected.
You feel very mighty all of a sudden. The death yak gores you!!
You die...
Your body crumbles into a pile of gold.

#....# #......#
#....# #......#
#....# #......# #
##'### ###....# $
#.####.# #....#
#......#
###########
#......###........
#........#.#######
#..........$@YK#
########.#.###Y#
#.#.#.K.#
#.#.#K###
#+#.#K.......
...#....... ...
....... ...
....#.. ....
.Y....>


You could see 2 death yaks and a kobold.

Vanquished Creatures
  Grinder (D:6)
  2 wyverns (D:8)
  9 yaks (D:8)
  Eustachio (D:6)
  Edmund (D:5)
  Menkaure (D:6)
  2 water moccasins
  An acid dragon (D:8)
  Duvessa (D:4)
  2 ice beasts
  2 orc warriors (D:6)
  An ogre (D:7)
  2 centaurs (D:6)
  4 phantoms
  2 kobold brigands
  Blork the orc (D:6)
  2 bullfrogs (D:8)
  A necrophage (D:5)
  2 scorpions
  8 wights
  Dowan (D:4)
  3 killer bees (D:8)
  2 howler monkeys
  An electric eel (D:7)
  4 gnoll boudas
  5 orc priests
  4 hounds
  4 orc wizards
  21 gnolls
  9 adders
  4 shadow imps
  5 white imps
  5 worms
  4 dart slugs
  22 orcs
  6 bats
  8 endoplasms
  4 giant cockroaches
  6 goblins
  4 hobgoblins
  6 quokkas
  6 ball pythons
  A frilled lizard (D:3)
  4 kobolds
  8 rats
193 creatures vanquished.

Vanquished Creatures (others)
  A yak (D:8)
1 creature vanquished.

Grand Total: 194 creatures vanquished

Notes
Turn   | Place    | Note
-------+----------+-------------------------------------------
     0 | D:1      | concernfroge the Mummy Monk began the quest for the Orb.
     0 | D:1      | Reached XP level 1. HP: 18/18 MP: 1/1
   102 | D:1      | Reached XP level 2. HP: 24/24 MP: 2/2
   426 | D:1      | Gained mutation: You are in touch with the powers of death.
                  | [Mummy growth]
   426 | D:1      | Reached XP level 3. HP: 30/30 MP: 3/3
  1103 | D:2      | Found a faded altar of an unknown god.
  1541 | D:2      | Reached XP level 4. HP: 38/38 MP: 4/4
  1646 | D:2      | Reached skill level 5 in Fighting
  2000 | D:3      | You fall into a shaft and drop 2 floors!
  2000 | D:5      | Entered Level 5 of the Dungeon
  2002 | D:5      | Noticed Edmund
  2009 | D:5      | Noticed a phantom
  2016 | D:5      | Killed Edmund
  2017 | D:5      | Reached XP level 5. HP: 47/47 MP: 5/5
  2092 | D:4      | Noticed Duvessa
  2092 | D:4      | Noticed Dowan
  2342 | D:4      | Found a faded altar of an unknown god.
  2342 | D:4      | Found a faded altar of an unknown god.
  2342 | D:4      | Found a faded altar of an unknown god.
  2344 | D:4      | Found a hazy altar of Hepliaklqana.
  2344 | D:4      | Found a faded altar of an unknown god.
  2359 | D:4      | Identified the +2 robe of the Orb Guardian {-Tele rElec
                  | rN+++ rCorr}
  2462 | D:3      | Found a snail-covered altar of Cheibriados.
  2613 | D:3      | Found a bloodstained altar of Trog.
  2614 | D:3      | Found a basalt altar of Yredelemnul.
  2795 | D:2      | Reached XP level 6. HP: 30/53 MP: 6/6
  3816 | D:3      | Found an ornate altar of the Wu Jian Council.
  4071 | D:4      | Found a burning altar of Makhleb.
  4356 | D:4      | Found a sparkling altar of Nemelex Xobeh.
  4356 | D:4      | Found an opulent altar of Gozag.
  4361 | D:4      | Found a stormy altar of Qazlal.
  4366 | D:4      | Became a worshipper of Gozag Ym Sagoz the Greedy
  4370 | D:4      | Found a blossoming altar of Fedhas.
  4371 | D:4      | Found a sacrificial altar of Ru.
  4777 | D:4      | Reached XP level 7. HP: 53/62 MP: 7/7
  5119 | D:4      | Killed Dowan
  5133 | D:4      | Killed Duvessa
  5693 | D:5      | Found a hide-covered altar of Uskayaw.
  5899 | D:5      | Found a shimmering blue altar of Sif Muna.
  5954 | D:5      | Reached skill level 10 in Fighting
  5954 | D:5      | Reached XP level 8. HP: 13/72 MP: 8/8
  6596 | D:3      | Identified a scroll of acquirement
  6596 | D:3      | Acquired a +0 demon trident of electrocution
  7440 | D:6      | Found Pomuser's Armour Shoppe.
  7449 | D:6      | Bought a +2 plate armour of fire resistance for 400 gold
                  | pieces
  7480 | D:6      | Found Cibijonn's Weapon Emporium.
  7644 | D:6      | Noticed Blork the orc
  7652 | D:6      | Killed Blork the orc
  7653 | D:6      | Reached skill level 5 in Polearms
  8340 | D:6      | Reached XP level 9. HP: 67/78 MP: 9/9
  8414 | D:6      | Noticed Menkaure
  8417 | D:6      | Killed Menkaure
  8500 | D:6      | Noticed Grinder
  8501 | D:6      | Paralysed by Grinder for 3 turns
  8510 | D:6      | Killed Grinder
  8577 | D:6      | Found Jile's Distillery.
  8769 | D:6      | Noticed Eustachio
  8788 | D:6      | Killed Eustachio
  9587 | D:7      | Found a staircase to the Ecumenical Temple.
  9596 | Temple   | Entered the Ecumenical Temple
 10196 | D:7      | Found a radiant altar of Vehumet.
 10258 | D:7      | Found Ozuly's Antique Armour Shop.
 10997 | D:8      | Reached XP level 10. HP: 43/85 MP: 10/10
 11286 | D:8      | Reached skill level 10 in Polearms
 12340 | D:9      | Found a staircase to the Lair.
 12340 | D:9      | Noticed a death yak
 12340 | D:9      | Noticed a death yak
 12354 | D:9      | Mangled by a death yak

Illustrated notes

Levels and vault maps discovered:
D:1:      scummos_arrival_simple_crosswalls, layout_loops_ring,
          serial_bayou_crossing
D:2:      layout_loops_cross, shapermc_ecumenical_altar_pompeii
D:3:      layout_rooms, slow_altar_1, nzn_wu_jian_contemplation,
          mainiacjoe_overflow_divided_tiny
D:4:      layout_cave_pods, lightli_temple_of_fire,
          nicolae_hepliaklqana_ecumenical_no_more, minitemple, uniq_duvessa
D:5:      layout_loops_ring, eat_drink_and_be_merry_uskayaw,
          amcnicky_altar_gilded, uniq_edmund
D:6:      layout_loops_corners, serial_shops, shop,
          nicolae_shop_advertising_works [nicolae_subvault_shop_adworks],
          nicolae_lakefront_shop, uniq_grinder, uniq_blork_the_orc,
          uniq_menkaure, uniq_eustachio
D:7:      layout_cave_pools, vehumet_crystals, minmay_temple_entry_sparse_star,
          serial_shops, nicolae_take_the_stairs, fountainhead
D:8:      layout_gridville, st_stairs_11
D:9:      layout_basic, dpeg_lair_monsters, minmay_misc_feat_square
Temple:   nicolae_temple_superstar

Skill      XL: |  1  2  3  4  5  6  7  8  9 10 |
---------------+-------------------------------+-----
Fighting       | 4 6 8 10 | 10.0
Polearms       | 6 9 10 | 10.9
Dodging        | |  2.4
Stealth        | |  1.5

Action                   |  1- 3 |  4- 6 |  7- 9 | 10-12 || total
-------------------------+-------+-------+-------+-------++-------
Melee: Mace              |   118 |   287 |   108 |       ||   513
       Spear             |     6 |       |       |       ||     6
       Punch             |     1 |     4 |       |       ||     5
       Demon trident     |       |       |   283 |   100 ||   383
Throw: Boomerang         |       |     4 |       |       ||     4
Invok: Potion Petition   |       |       |       |     1 ||     1
Evoke: Wand              |       |       |    13 |       ||    13
  Use: Scroll            |       |    15 |    13 |       ||    28
 Stab: Sleeping          |     5 |     1 |       |       ||     6
       Distracted        |       |       |     1 |     1 ||     2
Armor: Robe              |     3 |       |       |       ||     3
       Ring mail         |    34 |    29 |       |       ||    63
       Plate armour      |       |   210 |   245 |    42 ||   497
       Scale mail        |       |     1 |       |       ||     1
Dodge: Dodged            |    81 |   139 |    18 |     3 ||   241
Block: Tower shield      |       |       |   259 |    38 ||   297

Table legend: (Time is in decaauts)
 A = Elapsed time spent in this place.
 B = Non-inter-level travel time spent in this place.
 C = Inter-level travel time spent in this place.
 D = Time resting spent in this place.
 E = Time spent auto-exploring this place.
 F = Levels seen in this place.
 G = Mean time per level.
                   A        B        C        D        E       F      G
               +--------+--------+--------+--------+--------+-----+--------+
         Total |  12761 |  12085 |    676 |   2221 |   7500 |  10 | 1276.1 |
       Dungeon |  12649 |  11998 |    651 |   2221 |   7421 |   9 | 1405.4 |
        Temple |    111 |     86 |     25 |      0 |     79 |   1 |  111.0 |
               +--------+--------+--------+--------+--------+-----+--------+

Top non-repeatable levels by time:
     D:6: 2493 daAuts
     D:4: 1955 daAuts
     D:2: 1726 daAuts
     D:8: 1722 daAuts
     D:5: 1633 daAuts
     D:1: 1390 daAuts
     D:3: 853 daAuts
     D:7: 771 daAuts
  Temple: 111 daAuts
     D:9: 102 daAuts
